 Dungeon Crawl Stone Soup version 0.23.0 (console) character file.

Game seed: 2057734950818821467

203594 vogonpoet the Executioner (level 18, -5/176 HPs)
             Began as a Hill Orc Berserker on Feb 15, 2019.
             Was a High Priest of Trog.
             Hit by a steel javelin thrown by a merfolk javelineer (13 damage)
             ... on level 4 of the Shoals on Feb 17, 2019.
             The game lasted 02:49:31 (37280 turns).

vogonpoet the Executioner (Hill Orc Berserker)     Turns: 37280, Time: 02:49:33

Health: -5/176     AC: 30    Str: 27    XL:     18   Next: 62%
Magic:  30/30      EV: 27    Int: 13    God:    Trog [*****.]
Gold:   855        SH:  0    Dex: 11    Spells: 17/17 levels left

rFire    + . .     SeeInvis .   a - +1 battleaxe (freeze)
rCold    + . .     Gourm    .   (shield currently unavailable)
rNeg     . . .     Faith    .   R - +1 plate armour {rC+}
rPois    +         Spirit   .   e - +0 helmet
rElec    +         Reflect  .   t - +2 cloak {rPois}
rCorr    .         Harm     .   l - +2 pair of gloves {archery}
MR       ++...                  g - +2 pair of boots
Stlth    ..........             x - amulet of the acrobat
HPRegen  0.39/turn              I - ring "Myzxew" {rElec rF+ MP+9 Int+6}
MPRegen  0.22/turn              Z - ring of protection from magic

@: about to teleport, barbed spikes, acrobat, very slow
A: no striking features
}: 1/15 runes: gossamer
a: Berserk, Trog's Hand, Brothers in Arms, Renounce Religion


You were on level 4 of the Shoals.
You worshipped Trog.
Trog was extremely pleased with you.
You were not hungry.

You visited 6 branches of the dungeon, and saw 31 of its levels.

You collected 2573 gold pieces.
You spent 1718 gold pieces at shops.

Inventory:

Hand Weapons
 a - a +1 battleaxe of freezing (weapon)
 b - a +7 longbow of flaming
 P - the +12 spear of Mourning {flame, rElec MR++ MP+9 Dex-3}
   (You found it on level 6 of the Lair of Beasts)

   It has been specially enchanted to burn those struck by it, causing extra
   injury to most foes and up to half again as much damage against particularly
   susceptible opponents.
   It affects your dexterity (-3).
   It insulates you from electricity.
   It affects your resistance to hostile enchantments.
   It affects your magic capacity (+9).
 X - a +4 blowgun
 Y - a +3 antimagic executioner's axe
Missiles
 f - 500 arrows
 w - 11 throwing nets
 M - 7 poisoned tomahawks (quivered)
 U - 12 curare-tipped needles
Armour
 e - a +0 helmet (worn)
 g - a +2 pair of boots (worn)
 l - a +2 pair of gloves of archery (worn)
 t - a +2 cloak of poison resistance (worn)
 R - a +1 plate armour of cold resistance (worn)
Jewellery
 s - an uncursed ring of see invisible
 x - an amulet of the acrobat (around neck)
 A - the amulet of Afrethraw {+Rage rF+ rN++ Int+2}
   (You found it on level 4 of the Shoals)

   [amulet of rage]

   It affects your intelligence (+2).
   It protects you from fire.
   It greatly protects you from negative energy.
   It lets you go berserk.
 H - a +5 ring of protection
 I - the ring "Myzxew" (left hand) {rElec rF+ MP+9 Int+6}
   (You bought it in a shop on level 1 of the Orcish Mines)

   [ring of magical power]

   It affects your intelligence (+6).
   It protects you from fire.
   It insulates you from electricity.
   It affects your magic capacity (+9).
 L - a +4 ring of protection
 O - an uncursed ring of resist corrosion
 V - an uncursed ring of flight
 W - an uncursed ring of protection from fire
 Z - a ring of protection from magic (right hand)
Wands
 r - a wand of enslavement (10)
 v - a wand of digging (6)
 y - a wand of flame (79)
 C - a wand of disintegration (46)
 J - a wand of paralysis (15)
 N - a wand of iceblast (23)
Scrolls
 i - a scroll of blinking
 j - 8 scrolls of teleportation
 m - a scroll of holy word
 n - 2 scrolls of summoning
 o - 4 scrolls of magic mapping
 q - 11 scrolls of remove curse
 Q - 2 scrolls of fear
 T - 5 scrolls of fog
Potions
 d - a potion of heal wounds
 h - 2 potions of agility
 k - 4 potions of invisibility
 p - 7 potions of curing
 u - 2 potions of cancellation
 z - 5 potions of brilliance
 B - 7 potions of haste
 E - 4 potions of might
 F - 3 potions of flight
 K - a potion of resistance
Miscellaneous
 D - a lamp of fire
 S - a lightning rod (4/4)
Comestibles
 c - 59 rations
 G - 3 chunks of flesh


   Skills:
 - Level 19.0 Fighting
 - Level 21.6 Axes
 - Level 13.5 Bows
 - Level 14.2 Armour
 - Level 8.8 Dodging
 + Level 4.0 Evocations


You had 17 spell levels left.
You didn't know any spells.
Your spell library was empty.

Dungeon Overview and Level Annotations

Branches:
Dungeon (14/15) Temple (0/1) D:6 Lair (6/6) D:10 Shoals (4/4) Lair:2 Spider (4/4) Lair:4 Slime (1/5) Lair:6 Orc (2/2) D:9 Elf (0/3) Orc:2 Vaults (0/5) D:13 D:14

Altars:
Ashenzari
Dithmenos
Elyvilon
Makhleb
Qazlal
Ru
Trog
Uskayaw
Yredelemnul
Zin
Jiyva

Shops:
D:5 :   D:7 [   D:10 ::   Orc:1 *!*[   Orc:2 (:%:%[[==   Shoals:4 *

Portals:
Pandemonium: Orc:2

Annotations:
D:14 Kirke
Lair:1 exclusion: 4 oklob plants


Message History

The manticore flicks its tail.
The volley of spikes misses you.
The merfolk javelineer throws a steel javelin.
The steel javelin hits you but does no damage.
You hear a splash.
The merfolk javelineer throws a steel javelin.
The steel javelin completely misses you.
You hear a splash.
You see here a steel javelin.
As you read the scroll of teleportation, it crumbles to dust.
You feel strangely unstable.
The manticore flicks its tail.
The volley of spikes hits you but does no damage.
The manticore flicks its tail.
The volley of spikes hits you!
The barbed spikes become lodged in your body.
* * * LOW HITPOINT WARNING * * *
The merfolk javelineer throws a steel javelin.
The steel javelin hits you!
You die...

#..............#....≈≈≈≈≈≈≈≈≈≈≈
#..............##.).≈≈≈≈≈≈≈≈≈≈≈
#.......^..........≈≈≈≈≈≈≈≈≈≈≈≈
..≈≈≈.......≈≈.#(mH≈≈≈≈≈≈≈≈≈≈≈≈
.≈≈≈≈≈..(≈≈≈≈≈.##..≈≈≈≈≈≈≈≈≈≈≈≈
..≈≈≈≈≈≈≈≈≈≈≈≈≈≈m..≈≈≈≈≈≈≈≈≈≈≈≈
.....≈.≈≈≈≈≈≈≈≈≈≈≈≈≈≈≈≈≈≈≈≈≈≈≈≈
≈≈≈≈≈≈≈≈.≈≈≈≈≈..≈(≈≈≈≈≈≈≈≈≈≈≈≈≈
≈≈≈≈≈≈≈≈≈≈≈≈≈≈≈≈@≈≈≈≈≈≈≈≈≈≈≈≈≈≈
..≈≈≈≈≈≈≈≈≈≈..≈≈≈≈≈≈≈≈≈≈≈≈≈≈≈≈≈
...≈≈≈≈≈≈≈≈≈..≈≈≈≈≈≈≈≈≈≈≈≈≈≈≈≈≈
≈≈≈≈≈≈≈≈≈≈≈≈≈.[≈≈≈≈≈≈≈≈≈≈≈≈≈≈
.≈≈≈≈≈≈≈≈≈≈≈≈≈≈≈≈≈≈≈≈≈≈≈≈≈≈
...≈≈≈≈≈.≈≈≈≈≈≈≈≈≈≈≈≈≈≈≈≈≈
..≈≈≈≈≈..≈≈≈≈≈.≈≈≈≈≈≈≈≈≈≈
..........≈≈.##....≈≈≈≈≈≈
#..#####....##......≈≈≈≈≈


You could see a merfolk impaler, a merfolk javelineer and a manticore.

Vanquished Creatures
  Saint Roka (Orc:2)
  Arachne (Spider:4)
  Agnes (Spider:4)
  4 ghost moths (Spider:4)
  4 emperor scorpions
  An orc warlord (Orc:2)
  A stone giant (Orc:1)
  4 entropy weavers
  An ettin (Orc:1)
  3 spark wasps (Spider:4)
  A merfolk javelineer (Shoals:4)
  4 merfolk impalers
  Erolcha (Orc:2)
  Fannar (D:11)
  4 merfolk aquamancers
  2 merfolk avatars
  A centaur warrior (D:13)
  5 two-headed ogres
  3 satyrs
  A tengu warrior (Shoals:3)
  The ghost of gohu the Pandemonic, a novice DDFi of Makhleb (D:9)
  8 death scarabs (Spider:4)
  7 orc high priests (Orc:2)
  Nergalle (Orc:1)
  4 death yaks (Lair:5)
  A spectral emperor scorpion (Spider:4)
  16 sea snakes
  An unseen horror (D:12)
  An infernal demonspawn (Orc:2)
  A torturous demonspawn (Orc:2)
  2 spectral wolf spiders (Spider:4)
  20 orb spiders
  3 harpies
  A deep elf mage (D:14)
  5 orc knights
  5 orc sorcerers
  18 wolf spiders
  9 manticores
  3 ugly things
  16 fauns
  4 black mambas
  A merfolk siren (Shoals:2)
  6 elephants
  3 moths of wrath (Spider:4)
  3 cyclopes
  A rust devil (Orc:2)
  2 centaur zombies
  A smoke demon (Orc:2)
  3 torpor snails (Spider:3)
  15 spiny frogs
  2 water nymphs (Shoals:2)
  4 redback zombies (Spider:4)
  14 komodo dragons
  3 spectral redbacks (Spider:4)
  6 rime drakes
  2 kobold demonologists
  2 tengu conjurers
  An efreet (D:14)
  11 demonic crawlers
  37 jumping spiders
  A red devil (Orc:2)
  4 wind drakes
  5 polar bears
  9 meliai
  19 merfolk
  13 blink frogs
  Prince Ribbit (D:6)
  4 spectral jumping spiders
  7 hornets
  3 trolls (Orc:2)
  4 spectral tarantellas (Spider:4)
  20 dream sheep
  3 hippogriffs
  10 snapping turtles
  A jumping spider zombie (Spider:4)
  44 tarantellas
  70 redbacks
  7 water elementals
  47 yaks
  5 wyverns
  3 spriggans
  A vampire (D:13)
  A chaos spawn (Orc:2)
  16 humans
  A hungry ghost (D:13)
  4 wargs
  6 two-headed ogre zombies (Orc:1)
  A soldier ant (D:13)
  10 water moccasins
  10 porcupines
  4 spectral hornets (Spider:4)
  2 ice beasts
  A swamp drake (D:10)
  A hornet zombie (Spider:4)
  3 sky beasts
  30 orc warriors
  2 phantoms (D:5)
  3 black bears
  11 ogres
  7 centaurs
  30 wolves
  9 crocodiles
  2 big kobolds
  8 bullfrogs
  A gnoll sergeant (D:9)
  2 wyvern zombies (D:12)
  6 scorpions
  13 killer bees
  3 wights (D:7)
  2 electric eels
  4 howler monkeys
  7 crimson imps
  7 hounds
  25 orc priests
  4 jellies
  A bullfrog skeleton (D:11)
  26 orc wizards
  Ijyb (D:4)
  Natasha (thrice) (D:3)
  4 iguanas
  14 worker ants
  A howler monkey zombie (D:8)
  2 worker ant zombies
  11 adders
  11 gnolls
  3 shadow imps
  2 oozes
  5 worms
  An adder skeleton (D:4)
  An adder zombie (D:9)
  2 dart slugs
  3 leopard geckos
  89 orcs
  9 giant cockroaches
  7 goblins
  8 hobgoblins
  21 jackals
  18 kobolds
  7 quokkas
  2 ball pythons
  10 bats
  4 frilled lizards
  A quokka zombie (D:5)
  7 rats
  2 fungi
  5 plants
1086 creatures vanquished.

Vanquished Creatures (collateral kills)
  Rupert (Lair:6)
  An emperor scorpion (Spider:4)
  Nessos (D:13)
  A merfolk javelineer (Shoals:4)
  2 merfolk impalers (Shoals:4)
  A hydra (D:13)
  A merfolk aquamancer (Shoals:4)
  A satyr (Shoals:1)
  Sonja (Lair:6)
  2 harpies (Lair:6)
  A manticore (Shoals:4)
  2 fauns (Shoals:1)
  A cyclops (Shoals:4)
  2 merfolk sirens
  A water nymph (Shoals:4)
  3 polar bears (Lair:6)
  3 wind drakes
  3 merfolk
  A hornet (D:13)
  A snapping turtle (Shoals:1)
  A hippogriff (D:13)
  A wyvern (Lair:6)
  A tarantella (Spider:4)
  A steam dragon (D:13)
  2 orc warriors (Orc:2)
  A hornet zombie (Spider:4)
  A crocodile (Lair:6)
  3 orcs (Orc:2)
41 creatures vanquished.

Vanquished Creatures (others)
  A merfolk aquamancer (Shoals:4)
  A wolf spider (Spider:3)
  A bullfrog (D:13)
  A gnoll (Orc:2)
  5 fungi
  6 plants
15 creatures vanquished.

Grand Total: 1142 creatures vanquished

Notes
Turn   | Place    | Note
-------+----------+-------------------------------------------
     0 | D:1      | vogonpoet the Hill Orc Berserker began the quest for the
                  | Orb.
     0 | D:1      | Reached XP level 1. HP: 19/19 MP: 1/1
    40 | D:1      | Reached XP level 2. HP: 12/26 MP: 2/2
   250 | D:1      | Reached skill level 5 in Axes
   551 | D:1      | Reached XP level 3. HP: 30/31 MP: 3/3
   968 | D:2      | Reached ** piety under Trog
  1011 | D:2      | Found a stormy altar of Qazlal.
  1189 | D:2      | Reached skill level 6 in Axes
  1500 | D:2      | Reached XP level 4. HP: 35/39 MP: 4/4
  1787 | D:3      | Noticed Natasha
  1802 | D:3      | Killed Natasha
  1871 | D:3      | Noticed Natasha
  1883 | D:3      | Killed Natasha
  1883 | D:3      | Reached XP level 5. HP: 43/46 MP: 5/5
  1947 | D:3      | Reached skill level 7 in Axes
  2219 | D:3      | Reached *** piety under Trog
  2219 | D:3      | Reached XP level 6. HP: 48/52 MP: 6/6
  2253 | D:3      | Reached skill level 8 in Axes
  2379 | D:3      | Found a faded altar of an unknown god.
  2472 | D:3      | Noticed Natasha
  2486 | D:3      | Killed Natasha
  2995 | D:4      | Reached XP level 7. HP: 54/59 MP: 7/7
  3230 | D:4      | Reached skill level 9 in Axes
  3444 | D:4      | Noticed Ijyb
  3458 | D:4      | Paralysed by Ijyb for 3 turns
  3462 | D:4      | Killed Ijyb
  3522 | D:5      | Entered Level 5 of the Dungeon
  3755 | D:5      | Reached skill level 10 in Axes
  4082 | D:5      | Reached XP level 8. HP: 62/67 MP: 8/8
  4450 | D:5      | Reached skill level 11 in Axes
  4450 | D:5      | Reached skill level 5 in Armour
  4451 | D:5      | Found Zusana's Book Boutique.
  4711 | D:6      | Noticed Prince Ribbit
  4728 | D:6      | Killed Prince Ribbit
  4728 | D:6      | Reached skill level 5 in Fighting
  4844 | D:6      | Reached skill level 12 in Axes
  4846 | D:6      | Found a staircase to the Ecumenical Temple.
  4865 | D:6      | Reached XP level 9. HP: 70/74 MP: 9/9
  5036 | D:6      | Found a shadowy altar of Dithmenos.
  5183 | D:6      | Found a shattered altar of Ashenzari.
  5272 | D:6      | Found a hide-covered altar of Uskayaw.
  5273 | D:6      | Found a burning altar of Makhleb.
  5351 | D:7      | Reached **** piety under Trog
  5361 | D:7      | Reached skill level 13 in Axes
  6099 | D:7      | Found Doban's Armour Emporium.
  6157 | D:7      | Reached skill level 14 in Axes
  6435 | D:8      | Reached XP level 10. HP: 40/84 MP: 10/10
  6825 | D:8      | Reached ***** piety under Trog
  6837 | D:8      | Reached skill level 15 in Axes
  7007 | D:8      | Noticed a two-headed ogre
  7016 | D:8      | Killed a two-headed ogre
  7259 | D:9      | Identified a scroll of acquirement
  7323 | D:9      | Found a glowing silver altar of Zin.
  7347 | D:9      | Found a basalt altar of Yredelemnul.
  7422 | D:9      | Found a staircase to the Orcish Mines.
  7459 | D:9      | Found a bloodstained altar of Trog.
  7460 | D:9      | Found a white marble altar of Elyvilon.
  7511 | D:9      | Found a sacrificial altar of Ru.
  7754 | D:9      | Found a runed translucent door.
  7754 | D:9      | Noticed gohu's ghost (novice DDFi)
  8195 | D:9      | Identified the +10 trident of the Saviour {drain, rElec
                  | rPois rC++ Stlth+}
  8228 | D:10     | Entered Level 10 of the Dungeon
  8431 | D:10     | Found Lenexumyg's Book Boutique.
  8894 | D:10     | Reached XP level 11. HP: 96/97 MP: 11/11
  8963 | D:10     | Reached skill level 16 in Axes
  9217 | D:10     | Found a staircase to the Lair.
  9387 | D:10     | Found Kujag's Book Boutique.
  9395 | D:10     | Found Unocuo Pepn's Serpentskin Sales.
  9473 | D:11     | Noticed a white ugly thing
  9495 | D:11     | Killed a white ugly thing
  9610 | D:11     | Reached skill level 10 in Fighting
 10098 | D:12     | Noticed a cyan ugly thing
 10124 | D:12     | Killed an unseen horror
 10128 | D:12     | Killed a cyan ugly thing
 10351 | D:11     | Received a gift from Trog
 10441 | D:11     | Noticed Fannar
 10447 | D:11     | Killed Fannar
 10477 | D:11     | You fall through a shaft for 2 floors!
 10478 | D:13     | Noticed an eight-headed hydra
 10503 | D:13     | Killed a ten-headed hydra
 10504 | D:13     | Reached skill level 10 in Armour
 11056 | D:11     | Reached XP level 12. HP: 112/112 MP: 12/12
 11237 | D:12     | Noticed a two-headed ogre
 11255 | D:12     | Killed a two-headed ogre
 11442 | D:12     | Reached skill level 17 in Axes
 11487 | D:12     | Noticed a two-headed ogre
 11498 | D:12     | Killed a two-headed ogre
 12137 | D:14     | Found a gate to the Vaults.
 12137 | D:14     | Noticed a two-headed ogre
 12137 | D:14     | Noticed a centaur warrior
 12151 | D:13     | Killed a centaur warrior
 12233 | D:13     | Received a gift from Trog
 12506 | D:13     | Killed a two-headed ogre
 12720 | D:13     | Reached skill level 18 in Axes
 13184 | D:13     | Reached XP level 13. HP: 91/124 MP: 4/13
 13377 | D:14     | HP: 2/124 [meliai/divine providence (12)]
 13382 | D:13     | HP: 7/186 [meliai/divine providence (7)]
 13386 | D:13     | HP: 3/186 [poisoned by a meliai]
 13390 | D:13     | HP: 1/186 [poisoned by a meliai]
 13580 | D:14     | Noticed Kirke
 13583 | D:14     | Noticed Nessos
 13598 | D:13     | Killed Nessos
 13739 | Lair:1   | Entered Level 1 of the Lair of Beasts
 13979 | Lair:1   | Reached skill level 1 in Bows
 14085 | Lair:1   | Received a gift from Trog
 14732 | Lair:1   | Reached skill level 5 in Bows
 15558 | Lair:2   | Found a staircase to the Shoals.
 15619 | Shoals:1 | Entered Level 1 of the Shoals
 15892 | Lair:3   | Reached skill level 19 in Axes
 16224 | Lair:3   | Reached skill level 15 in Fighting
 16570 | Lair:3   | Reached XP level 14. HP: 118/135 MP: 4/14
 16972 | Lair:4   | Found a hole to the Spider Nest.
 17003 | Spider:1 | Entered Level 1 of the Spider Nest
 17056 | Lair:4   | Received a gift from Trog
 17384 | Lair:4   | You fall through a shaft for 2 floors!
 17384 | Lair:6   | Entered Level 6 of the Lair of Beasts
 17687 | Lair:6   | Identified the +12 spear of Mourning {flame, rElec MR++
                  | MP+9 Dex-3} (You found it on level 6 of the Lair of Beasts)
 17740 | Lair:6   | Received a gift from Trog
 17923 | Lair:6   | Noticed Rupert
 17928 | Lair:6   | Paralysed by Rupert for 5 turns
 17939 | Lair:6   | Killed Rupert
 17954 | Lair:6   | Found a staircase to the Slime Pits.
 17955 | Lair:6   | Found a viscous altar of Jiyva.
 17989 | Lair:6   | Noticed Sonja
 17992 | Lair:6   | Reached skill level 20 in Axes
 18399 | Lair:6   | Paralysed by a hornet for 1 turns
 18462 | Lair:6   | Killed Sonja
 18846 | Slime:1  | Entered Level 1 of the Pits of Slime
 19142 | Lair:6   | Identified the +9 quarterstaff of Deflation {vamp, MR++
                  | Str+4 Dex+4 Stlth-} (You found it on level 6 of the Lair of
                  | Beasts)
 20346 | Lair:5   | Received a gift from Trog
 20754 | Lair:5   | Reached XP level 15. HP: 131/144 MP: 12/15
 21020 | Orc:1    | Entered Level 1 of the Orcish Mines
 21419 | Orc:1    | Found Ovuakkit's Antique Armour Boutique.
 21427 | Orc:1    | Bought an embroidered cloak for 142 gold pieces
 21524 | Orc:1    | Found Kavul's Assorted Antiques.
 21532 | Orc:1    | Bought a scroll of teleportation for 87 gold pieces
 21532 | Orc:1    | Bought a potion of heal wounds for 145 gold pieces
 21665 | Orc:1    | Found Zusech's Assorted Antiques.
 21673 | Orc:1    | Bought an ancient bronze ring for 180 gold pieces
 21673 | Orc:1    | Bought a potion of haste for 360 gold pieces
 21675 | Orc:1    | Identified the ring "Myzxew" {rElec rF+ MP+9 Int+6} (You
                  | bought it in a shop on level 1 of the Orcish Mines)
 21679 | Orc:1    | Found Fudycsoc's Distillery.
 21686 | Orc:1    | Bought a potion of resistance for 130 gold pieces
 21716 | Orc:1    | Noticed Nergalle
 21732 | Orc:1    | Killed Nergalle
 21950 | Orc:2    | Entered Level 2 of the Orcish Mines
 22032 | Orc:2    | Found a staircase to the Elven Halls.
 22062 | Orc:2    | Noticed Saint Roka
 22081 | Orc:2    | Killed Saint Roka
 22303 | Orc:2    | Found Vuablil's Antique Weapon Shop.
 22343 | Orc:2    | Found Difiuchah's Armour Shop.
 22433 | Orc:2    | Noticed Erolcha
 22463 | Orc:2    | Killed Erolcha
 22485 | Orc:2    | Noticed an orc warlord
 22511 | Orc:2    | Killed an orc warlord
 22584 | Orc:2    | Found Haxzeq's Jewellery Emporium.
 22612 | Orc:2    | Received a gift from Trog
 22706 | Orc:2    | Found Tant's Jewellery Shop.
 22779 | Orc:2    | Found Yxitieq's Book Shoppe.
 22960 | Orc:2    | Found Zedaerex's Food Shop.
 23037 | Orc:2    | Found Neushaz's Food Boutique.
 23175 | Orc:2    | Reached skill level 21 in Axes
 24102 | Orc:2    | Found Lesoen's Book Emporium.
 24102 | Orc:2    | Found Anat's Antique Armour Shoppe.
 24102 | Orc:2    | Found a one-way gate leading to the halls of Pandemonium.
 24454 | Orc:2    | Bought a spiked plate armour for 644 gold pieces
 24465 | Orc:2    | Identified the +1 plate armour of Pride {rPois rN+ Stlth+}
                  | (You bought it in a shop on level 2 of the Orcish Mines)
 24596 | D:9      | Killed gohu's ghost
 24878 | Spider:1 | Received a gift from Trog
 25154 | Spider:1 | Received a gift from Trog
 25241 | Spider:1 | Reached XP level 16. HP: 155/155 MP: 16/16
 25702 | Spider:1 | Reached skill level 10 in Bows
 25834 | Spider:1 | Got a twisted rapier
 26212 | Spider:2 | Reached ****** piety under Trog
 26751 | Spider:2 | Received a gift from Trog
 27112 | Spider:2 | Identified the +9 rapier of Watchfulness {protect, MR+
                  | Stlth+} (You found it on level 1 of the Spider Nest)
 27331 | Spider:2 | Received a gift from Trog
 28621 | Spider:4 | Entered Level 4 of the Spider Nest
 28809 | Spider:4 | Received a gift from Trog
 28881 | Spider:4 | Noticed Agnes
 28888 | Spider:4 | Killed Agnes
 29195 | Spider:4 | Reached XP level 17. HP: 148/163 MP: 17/17
 29958 | Spider:4 | Noticed Arachne
 29991 | Spider:4 | Killed Arachne
 30794 | Spider:4 | Received a gift from Trog
 31951 | Spider:4 | Received a gift from Trog
 32519 | Spider:4 | Got a gossamer rune of Zot
 32968 | Shoals:1 | Received a gift from Trog
 33944 | Shoals:2 | Received a gift from Trog
 34336 | Shoals:2 | Reached skill level 5 in Dodging
 34339 | Shoals:2 | Reached XP level 18. HP: 97/176 MP: 18/18
 36099 | Shoals:4 | Entered Level 4 of the Shoals
 36111 | Shoals:4 | Received a gift from Trog
 36115 | Shoals:4 | HP: 3/176 [water nymph/the raging water (25)]
 36115 | Shoals:4 | HP: 1/176 [merfolk impaler/+2 trident of freezing (2)]
 36124 | Shoals:4 | Found Laug Qocic's General Store.
 36471 | Shoals:4 | Identified the amulet of Afrethraw {+Rage rF+ rN++ Int+2}
                  | (You found it on level 4 of the Shoals)
 36559 | Shoals:4 | Bought a scroll of fog for 30 gold pieces
 37033 | Shoals:4 | Reached skill level 1 in Evocations
 37098 | Shoals:4 | Received a gift from Trog
 37280 | Shoals:4 | HP: 8/176 [manticore/volley of spikes (16)]
 37280 | Shoals:4 | Hit by a steel javelin thrown by a merfolk javelineer

Skill      XL: |  1  2  3  4  5  6  7  8  9 10 11 12 13 14 15 16 17 18 |
---------------+-------------------------------------------------------+-----
Axes           | 5 6 7 8 10 12 14 15 16 18 19 20 21 | 21.6
Armour         | 3 4 5 6 8 10 11 12 13 14 | 14.2
Fighting       | 4 5 6 9 12 14 15 16 17 18 19 | 19.0
Bows           | 5 8 9 12 13 | 13.5
Dodging        | 5 8 |  8.8
Evocations     | 4 |  4.0

Action                   |  1- 3 |  4- 6 |  7- 9 | 10-12 | 13-15 | 16-18 || total
-------------------------+-------+-------+-------+-------+-------+-------++-------
Melee: Hand axe          |   136 |   220 |   487 |   314 |       |       ||  1157
       War axe           |       |       |       |   164 |       |       ||   164
       Broad axe         |       |       |       |   135 |     1 |       ||   136
       Executioner's axe |       |       |       |    80 |   880 |    14 ||   974
       Battleaxe         |       |       |       |       |    79 |   481 ||   560
 Fire: Longbow           |       |       |       |       |   228 |   657 ||   885
Throw: Tomahawk          |       |       |     5 |     7 |     5 |       ||    17
Invok: Berserk           |     1 |     4 |     3 |    11 |     5 |     2 ||    26
       Trog's Hand       |       |       |       |     3 |     7 |     2 ||    12
       Brothers in Arms  |       |       |       |     2 |     6 |     9 ||    17
Evoke: Wand              |       |       |       |       |     3 |     1 ||     4
  Use: Scroll            |       |    11 |     4 |    11 |    17 |    10 ||    53
       Potion            |       |       |       |       |     6 |     6 ||    12
  Eat: Chunk             |     3 |     9 |    13 |    38 |    46 |    24 ||   133
       Ration            |       |       |       |       |     1 |     6 ||     7
Armor: Plate armour      |    63 |   136 |   244 |   533 |   754 |   749 ||  2479
       Ring mail         |     6 |       |       |       |       |       ||     6
       Animal skin       |     1 |       |       |       |       |       ||     1
Dodge: Dodged            |    42 |    56 |    97 |   228 |   548 |   472 ||  1443
Block: Buckler           |       |       |       |    24 |       |       ||    24
